 Dungeon Crawl Stone Soup version 0.27-a0-660-g90476cec82 (webtiles) character file.

Game seed: 2779042476758625878

22684 robertstho the Protected (level 12, -11/112 HPs)
             Began as a Deep Dwarf Fighter on Mar 16, 2021.
             Was a High Priest of Makhleb.
             Mangled by Jorgrun
             ... wielding a +0 vorpal quarterstaff
              (13 damage)
             ... on level 2 of the Orcish Mines.
             The game lasted 00:26:56 (9956 turns).

robertstho the Protected (Deep Dwarf Fighter)       Turns: 9956, Time: 00:26:59

Health: -11/112    AC: 22    Str: 25      XL:     12   Next: 65%
Magic:  5/5        EV: 10    Int: 10 (11) God:    Makhleb [*****.]
Gold:   645        SH:  5    Dex: 18      Spells: 11/11 levels left

rFire    . . .     SeeInvis .   a - +3 glaive (vamp)
rCold    . . .     Faith    .   (shield currently unavailable)
rNeg     . . .     Spirit   .   E - +0 plate armour
rPois    .         Reflect  +   D - +2 helmet of True Grit {Int+2}
rElec    .         Harm     .   (no cloak)
rCorr    .         Rampage  .   A - +0 pair of gloves
Will     +....                  m - +1 pair of boots
Stlth    ..........             j - amulet of reflection
HPRegen  0.00/turn              h - +6 ring of dexterity
MPRegen  0.09/turn              r - +4 ring of evasion

@: grasped by roots, non-regenerating, constricted
A: damage resistance, heal wounds, sense surroundings 2, no regeneration
a: Heal Wounds, Renounce Religion, Minor Destruction, Lesser Servant of Makhleb,
Major Destruction, Greater Servant of Makhleb


You were on level 2 of the Orcish Mines.
You worshipped Makhleb.
Makhleb was extremely pleased with you.
You visited 3 branches of the dungeon, and saw 17 of its levels.

You collected 1165 gold pieces.
You spent 520 gold pieces at shops.

Inventory:

Hand Weapons
 a - a +3 vampiric glaive (weapon)
 b - the +3 trident of robertstho's Anguish {vamp, Int+3}
   (You found it on level 9 of the Dungeon)

   It inflicts no extra harm, but heals its wielder when it wounds a living foe.
   It affects your intelligence (+3).
 x - a +0 mace of holy wrath
 C - a +1 war axe of electrocution
Armour
 m - a +1 pair of boots (worn)
 A - a +0 pair of gloves (worn)
 D - the +2 helmet of True Grit (worn) {Int+2}
   (You found it on level 9 of the Dungeon)

   It affects your intelligence (+2).
 E - a +0 plate armour (worn)
 H - a +0 tower shield
 L - a +2 chain mail of willpower
Jewellery
 d - a ring of flight
 h - a +6 ring of dexterity (right hand)
 j - an amulet of reflection (around neck)
 r - a +4 ring of evasion (left hand)
 s - a ring of protection from cold
 w - a ring of positive energy
 y - a ring of protection from fire
 K - a ring of fire
 N - a ring of resist corrosion
Wands
 M - a wand of polymorph (19)
 R - a wand of acid (11)
 S - a wand of charming (1)
Scrolls
 c - a scroll of vulnerability {unknown}
 g - 5 scrolls of enchant armour
 k - 3 scrolls of magic mapping
 l - a scroll of fear
 n - 7 scrolls of teleportation
 u - 2 scrolls of amnesia {unknown}
 v - a scroll of blinking
 B - 2 scrolls of fog
 F - a scroll of noise {unknown}
 P - 3 scrolls of identify
 Q - a scroll of enchant weapon
Potions
 e - a potion of haste
 f - 5 potions of curing
 i - a potion of resistance
 o - 3 potions of flight
 p - 2 potions of mutation
 q - 2 potions of lignification
 t - a potion of magic
 z - 5 potions of heal wounds
 G - a potion of invisibility
 I - 2 potions of cancellation
 J - a potion of might
Miscellaneous
 O - a tin of tremorstones (2/2)


   Skills:
 * Level 8.9 Fighting
 + Level 5.9 Short Blades
 + Level 4.3(7.0) Axes
 + Level 0.1(2.3) Maces & Flails
 + Level 7.2(7.6) Polearms
 * Level 11.7 Armour
 + Level 3.7 Dodging
 + Level 1.6 Stealth
 + Level 10.0 Shields
 * Level 10.2 Invocations


You had 11 spell levels left.
You didn't know any spells.
Your spell library contained the following spells:

 Spells                   Type           Power      Damage    Failure   Level
 Confusing Touch          Hex            0%         N/A       100%        3
 Gell's Gravitas          Tloc           0%         N/A       100%        3
 Cause Fear               Hex            0%         N/A       100%        4
 Petrify                  Tmut/Erth      0%         N/A       100%        4
 Metabolic Englaciation   Hex/Ice        0%         N/A       100%        5
 Silence                  Hex/Air        0%         N/A       100%        5
 Yara's Violent Unravell  Hex/Tmut       0%         3d3       100%        5
 Discord                  Hex            0%         N/A       100%        8


Dungeon Overview and Level Annotations

Branches:
Dungeon (14/15)            Temple (1/1) D:6            Lair (0/6) D:9
    Orc (2/2) D:10            Elf (0/3) Orc:2        Vaults (0/5) D:13

Altars:
Ashenzari
Cheibriados
Elyvilon
Fedhas
Gozag
Kikubaaqudgha
Makhleb
Nemelex Xobeh
Okawaru
Qazlal
Ru
Sif Muna
Trog
Uskayaw
Vehumet
Wu Jian
Xom
Yredelemnul
Zin
The Shining One
Lugonu

Shops:
D:10 ?*=   D:12 [   D:13 *   Orc:2 *

Annotations:
Orc:2 Jorgrun, Maurice


Innate Abilities, Weirdness & Mutations

You are resistant to damage.
You can heal yourself by infusing magical energy.
You passively map the area around you.
You do not regenerate.


Message History

The orc high priest mumbles some strange prayers.
Unknown command.
You slash Jorgrun!
You feel better.
Jorgrun is severely wounded.
The orc warrior throws a boomerang.
The boomerang hits you!
Jorgrun points at you and mumbles some strange words.
The iron shot hits you! Something hits you but does no damage.
An orc knight comes into view. It is wielding a +2 war axe.
The orc sorcerer hits your neqoxec with a +0 dagger.
Your neqoxec hits Jorgrun.
Jorgrun hits your neqoxec with a +0 vorpal quarterstaff!
Something hits you.
The orc knight moves out of view.
You miss Jorgrun.
Jorgrun is severely wounded.
The orc sorcerer hits your neqoxec with a +0 dagger!
Your neqoxec dies!
Jorgrun closely misses you. Something hits you but does no damage.
Unknown command.
You slash Jorgrun!
Jorgrun is severely wounded.
Jorgrun hits you with a +0 vorpal quarterstaff.
The neqoxec gestures at you.
You feel dopey. Something feeds on your intellect!
The orc warrior hits you from afar with a +0 glaive!
Something hits you but does no damage. You block the orc sorcerer's attack.
An orc warrior comes into view. It is wielding a +0 mace.
You closely miss Jorgrun.
Jorgrun is severely wounded.
Jorgrun casts a spell at you.
Roots burst forth from the earth!
The grasping roots grab you! The grasping roots constrict you.
Something hits you.
The orc warrior hits you from afar with a +0 glaive!
The orc sorcerer hits you but does no damage.
An orc wizard comes into view. It is wielding a +0 dagger.
Jorgrun points at you and mumbles some strange words.
The iron shot hits you!!
* * * LOW HITPOINT WARNING * * *
You die... , ... ,, * , * , , , .o.. , , ....##... ,, ,, ,..oo ,,, #......... , .oo4o

, ##.#.#..... , , , ,
.oo# ,##...$.....#, , ,
,o..# ##.#...)...# , ,
#. #3##..........# .. ,
*#3@o#og##.....∩...###..
** #o.@............#...
#.....##..#.......#.#.#
,, , #.....
##.#..........#. *
#..#.# #..#.......... *,
#.### #.#.......... , ,
##* ###......... * ,
##........ ##.......
#...).<..


You could see Jorgrun (misshapen), an orc knight, Maurice, an orc high priest
(strong), a sun demon (summoned), an orange demon (summoned), a neqoxec
(summoned), an orc sorcerer (strong), 3 orc warriors, an orc wizard (strong) and
an orc.

Vanquished Creatures
  3 vault guards (D:13)
  A centaur warrior (D:13)
  4 two-headed ogres
  Pikel (D:8)
  2 orc knights
  The ghost of BlueFish the Cudgeller, a novice FoAK of Lugonu (D:6)
  An orc sorcerer (Orc:1)
  2 ugly things
  A cyclops (Orc:1)
  Joseph (D:10)
  A gargoyle (D:13)
  A rime drake (shapeshifter) (D:13)
  Psyche (D:12)
  A tengu conjurer (D:12)
  A komodo dragon (D:13)
  2 hornets
  9 trolls
  2 wyverns
  9 humans (D:13)
  9 yaks
  3 wargs (D:9)
  A soldier ant (D:11)
  2 water moccasins
  4 ice beasts
  A hornet zombie (D:6)
  8 orc warriors
  A sky beast (D:7)
  A black bear (D:10)
  A lemure (D:8)
  10 ogres
  9 centaurs
  3 phantoms
  A kobold brigand (D:9)
  5 bullfrogs
  5 scorpions
  6 killer bees (D:9)
  3 wights (D:13)
  A crimson imp (D:6)
  4 hounds
  3 centaur zombies
  A bullfrog zombie (D:12)
  19 orc priests
  4 jellies
  2 bullfrog skeletons (D:10)
  2 centaur skeletons
  2 iguanas
  24 orc wizards
  10 worker ants
  A hound zombie (D:8)
  3 hound skeletons
  7 gnolls
  A howler monkey skeleton (D:4)
  20 adders
  2 shadow imps
  3 white imps
  2 ufetubi
  An ooze (D:3)
  An adder zombie (D:9)
  4 worms
  2 adder skeletons (D:4)
  4 dart slugs
  5 leopard geckos
  95 orcs
  2 ball pythons
  4 bats
  6 giant cockroaches
  5 goblins
  12 hobgoblins
  23 jackals
  3 quokkas
  A ball python skeleton (D:4)
  7 frilled lizards
  7 kobolds
  A leopard gecko skeleton (D:6)
  9 rats
420 creatures vanquished.

Vanquished Creatures (others)
  A wizard (D:11)
1 creature vanquished.

Grand Total: 421 creatures vanquished

Notes
Turn   | Place    | Note
-------+----------+-------------------------------------------
     0 | D:1      | robertstho the Deep Dwarf Fighter began the quest for the
                  | Orb.
     0 | D:1      | Reached XP level 1. HP: 20/20 MP: 1/1
   249 | D:1      | Reached XP level 2. HP: 21/27 MP: 2/2
   619 | D:2      | Reached XP level 3. HP: 25/34 MP: 3/3
   640 | D:2      | Found a stormy altar of Qazlal.
   667 | D:2      | Reached skill level 4 in Armour
   886 | D:2      | Found an ancient bone altar of Kikubaaqudgha.
  1022 | D:2      | Reached XP level 4. HP: 24/42 MP: 4/4
  1040 | D:2      | Reached skill level 1 in Dodging
  1333 | D:3      | Reached skill level 1 in Short Blades
  1445 | D:3      | Reached XP level 5. HP: 36/49 MP: 5/5
  1587 | D:3      | Reached skill level 5 in Armour
  1666 | D:3      | Reached XP level 6. HP: 34/57 MP: 5/5
  1752 | D:3      | Found an ornate altar of the Wu Jian Council.
  2185 | D:4      | Found a snail-covered altar of Cheibriados.
  2268 | D:4      | Found a sacrificial altar of Ru.
  2268 | D:4      | Found a stormy altar of Qazlal.
  2270 | D:4      | Found a radiant altar of Vehumet.
  2307 | D:4      | Reached XP level 7. HP: 59/64 MP: 5/5
  2445 | D:4      | Found a shimmering altar of Xom.
  2474 | D:4      | Reached skill level 5 in Shields
  2710 | D:4      | Found a shimmering blue altar of Sif Muna.
  2958 | D:5      | Entered Level 5 of the Dungeon
  2984 | D:5      | Reached skill level 6 in Armour
  3287 | D:5      | Reached XP level 8. HP: 44/73 MP: 5/5
  3691 | D:6      | Reached skill level 5 in Fighting
  3712 | D:6      | Found a staircase to the Ecumenical Temple.
  3767 | Temple   | Entered the Ecumenical Temple
  3782 | Temple   | Became a worshipper of Makhleb the Destroyer
  3886 | D:6      | Reached skill level 7 in Armour
  3911 | D:6      | Found a runed translucent door.
  3911 | D:6      | Noticed BlueFish's ghost (novice FoAK)
  3935 | D:6      | Found a glowing silver altar of Zin.
  3949 | D:6      | Reached skill level 1 in Invocations
  4423 | D:6      | Found a blossoming altar of Fedhas.
  4554 | D:6      | Killed BlueFish's ghost
  4555 | D:6      | Gained mutation: You passively map the area around you.
                  | [Deep Dwarf growth]
  4555 | D:6      | Reached XP level 9. HP: 54/81 MP: 4/6
  4660 | D:7      | Found a broken altar of Ashenzari.
  4790 | D:7      | Found a hide-covered altar of Uskayaw.
  4925 | D:7      | Reached skill level 5 in Short Blades
  5029 | D:8      | Reached skill level 1 in Stealth
  5049 | D:8      | Reached * piety under Makhleb
  5148 | D:8      | Found a sparkling altar of Nemelex Xobeh.
  5226 | D:8      | Noticed Pikel
  5245 | D:8      | Killed Pikel
  5246 | D:8      | Reached skill level 8 in Armour
  5515 | D:8      | Noticed a skeletal warrior
  5516 | D:8      | Noticed a skeletal warrior
  5519 | D:8      | Noticed a skeletal warrior
  5565 | D:9      | Found a hide-covered altar of Uskayaw.
  5739 | D:9      | Reached ** piety under Makhleb
  5803 | D:9      | Reached XP level 10. HP: 59/91 MP: 6/6
  5849 | D:9      | Found a staircase to the Lair.
  5884 | D:9      | Reached skill level 5 in Invocations
  5892 | D:9      | Identified the +4 ring mail of the Lost Path {rN+}
  6063 | D:9      | Identified the +2 helmet of True Grit {Int+2}
  6090 | D:9      | Reached skill level 9 in Armour
  6324 | D:9      | Identified the +3 trident of robertstho's Anguish {vamp,
                  | Int+3}
  6363 | D:10     | Entered Level 10 of the Dungeon
  6501 | D:10     | Reached *** piety under Makhleb
  6575 | D:10     | Found a staircase to the Orcish Mines.
  6581 | D:10     | Found Hoeridorr's Assorted Antiques.
  6657 | D:10     | Bought a scroll of identify for 66 gold pieces
  6657 | D:10     | Bought a scroll of identify for 66 gold pieces
  6657 | D:10     | Bought a runed bronze ring for 165 gold pieces
  6671 | D:10     | Reached skill level 1 in Polearms
  6903 | D:10     | Noticed Joseph
  6920 | D:10     | Killed Joseph
  7084 | D:10     | Found Lirese's Magic Scroll Boutique.
  7094 | D:10     | Bought a scroll of enchant weapon for 90 gold pieces
  7094 | D:10     | Bought a scroll of random uselessness for 12 gold pieces
  7094 | D:10     | Bought a scroll of identify for 24 gold pieces
  7247 | D:10     | Found Horiughie's Jewellery Shoppe.
  7534 | D:11     | Noticed a brown ugly thing
  7576 | D:11     | Killed a brown ugly thing
  7585 | D:11     | Found a bloodstained altar of Trog.
  7668 | D:11     | Reached XP level 11. HP: 99/99 MP: 9/9
  7924 | D:11     | Noticed a two-headed ogre
  7950 | D:11     | Killed a two-headed ogre
  8062 | D:11     | Noticed a wizard
  8068 | D:11     | Killed a wizard
  8100 | D:12     | You fall into a shaft and drop 2 floors!
  8111 | D:14     | Noticed a catoblepas
  8111 | D:14     | Noticed a five-headed hydra
  8198 | D:13     | Found Dimixil's General Store.
  8206 | D:13     | Bought a scroll of fear for 52 gold pieces
  8206 | D:13     | Bought a potion of curing for 45 gold pieces
  8232 | D:13     | Reached **** piety under Makhleb
  8378 | D:13     | Noticed a green ugly thing
  8389 | D:13     | Killed a green ugly thing
  8390 | D:13     | Reached skill level 10 in Armour
  8470 | D:13     | Noticed a vault guard
  8470 | D:13     | Noticed a vault guard
  8470 | D:13     | Noticed a vault guard
  8483 | D:13     | Noticed a centaur warrior
  8506 | D:13     | Killed a centaur warrior
  8529 | D:13     | Killed a vault guard
  8530 | D:13     | Reached skill level 5 in Polearms
  8545 | D:13     | Killed a vault guard
  8557 | D:13     | Killed a vault guard
  8869 | D:13     | Reached XP level 12. HP: 110/110 MP: 10/10
  8885 | D:13     | Found a gate to the Vaults.
  9068 | D:12     | Reached skill level 11 in Armour
  9073 | D:12     | Reached ***** piety under Makhleb
  9145 | D:12     | Noticed a two-headed ogre
  9153 | D:12     | Killed a two-headed ogre
  9314 | D:12     | Noticed Psyche
  9325 | D:12     | Killed Psyche
  9466 | D:12     | Found Gizuqug's Specialty Armours.
  9589 | Orc:1    | Entered Level 1 of the Orcish Mines
  9717 | Orc:2    | Entered Level 2 of the Orcish Mines
  9717 | Orc:2    | Found a staircase to the Elven Halls.
  9717 | Orc:2    | Noticed a two-headed ogre
  9717 | Orc:2    | Noticed a two-headed ogre
  9746 | Orc:1    | HP: 5/112 [two-headed ogre/+0 giant club (12)]
  9752 | Orc:1    | Reached skill level 10 in Invocations
  9761 | Orc:1    | Killed a two-headed ogre
  9768 | Orc:1    | Killed a two-headed ogre
  9818 | Orc:1    | Reached skill level 10 in Shields
  9918 | Orc:2    | Found Ylofas's Assorted Antiques.
  9937 | Orc:2    | Noticed Maurice
  9938 | Orc:2    | Noticed Jorgrun
  9943 | Orc:2    | Noticed an orc high priest
  9956 | Orc:2    | HP: 2/112 [Jorgrun/iron shot (33)]
  9956 | Orc:2    | Mangled by Jorgrun

Illustrated notes

Levels and vault maps discovered:
D:1:      tarquinn_simple_flora_water_d, layout_loops_ring
D:2:      layout_loops_ring, nicolae_overflow_hidden_temple,
          nicolae_qazlal_eye_of_the_storm
D:3:      layout_basic, nicolae_overflow_crystal_walls, uniq_crazy_yiuf_cottage
D:4:      layout_loops_ring, grunt_temple_overflow_open, kennysheep_mini_moat,
          nicolae_sif_muna_little_library, xom_redecorated, fountainhead
D:5:      layout_rooms, roderic_lattice_a
D:6:      layout_basic, overflow_temple_1_default,
          lemuel_coloured_pillars_altar, minmay_temple_entry_mini_moons,
          hellmonk_ghost_happy_afterlife, dk_noncrumbling_2,
          hangedman_abyss_or_decor_slice, minmay_fire_ice_demons
D:7:      layout_basic, marbit_many_paths, nicolae_ashenzari_skybound
D:8:      layout_basic, riverfiend_overflow_shadow_ancestor,
          lemuel_crystal_altar, uniq_pikel
D:9:      layout_cave_pools, erik_lair_orcish_takeover, basic_altar
D:10:     layout_loops_corners, orc_0_dummy, serial_shops, shop,
          nicolae_shop_competitors_out_of_business, shop, uniq_joseph
D:11:     layout_roguey, trog_wizard
D:12:     layout_big_octagon, minmay_misc_feat_enclosed,
          hangedman_decor_growths, nicolae_barding_shop, uniq_psyche
D:13:     layout_small_grid, ximxim_vaults_locker_room, serial_shops,
          nicolae_shop_statue_plus
D:14:     layout_irregular_city, gammafunk_ghost_stat_death, enter_bailey_5,
          hangedman_decor_clover_reticule, kennysheep_windowed_goal,
          uniq_roxanne
Temple:   corrupted_temple
Orc:1:    layout_diamond_mine, uniq_josephine
Orc:2:    st_orc_congregation, layout_diamond_mine, serial_shops, shop, shop,
          nicolae_shop_statue_plus, nicolae_shop_stone, shop,
          minmay_orc_temple_a, uniq_maurice, uniq_jorgrun

Skill      XL: |  1  2  3  4  5  6  7  8  9 10 11 12 |
---------------+-------------------------------------+-----
Fighting       | 3 4 5 6 7 8 |  8.9
Armour         | 4 5 6 7 8 9 10 11 | 11.7
Dodging        | 1 2 3 |  3.7
Short Blades   | 1 2 3 4 5 |  5.9
Shields        | 4 5 6 8 9 10 | 10.0
Invocations    | 2 4 7 9 10 | 10.2
Stealth        | 1 |  1.6
Axes           | 4 |  4.3
Polearms       | 2 5 7 |  7.2
Maces & Flails | |  0.1

Action                   |  1- 3 |  4- 6 |  7- 9 | 10-12 || total
-------------------------+-------+-------+-------+-------++-------
Melee: War axe           |    36 |       |     8 |    92 ||   136
       Short sword       |    50 |   177 |   581 |       ||   808
       Mace              |       |       |    26 |       ||    26
       Trident           |       |       |       |   326 ||   326
       Glaive            |       |       |       |   501 ||   501
Invok: Lesser Servant of |       |       |       |     3 ||     3
 Abil: Heal Wounds       |       |     5 |    21 |    29 ||    55
  Use: Scroll            |       |     4 |     8 |     8 ||    20
       Potion            |       |       |     4 |     2 ||     6
Armor: Scale mail        |    35 |    61 |    61 |       ||   157
       Chain mail        |       |       |   152 |    54 ||   206
       Skin              |       |       |    14 |       ||    14
       Plate armour      |       |       |       |   573 ||   573
Dodge: Dodged            |    35 |    44 |   154 |   642 ||   875
Block: Kite shield       |    47 |   118 |   503 |   382 ||  1050
       Reflection        |       |       |       |    18 ||    18
       Other             |       |       |       |   189 ||   189

Table legend: (Time is in decaauts)
 A = Elapsed time spent in this place.
 B = Non-inter-level travel time spent in this place.
 C = Inter-level travel time spent in this place.
 D = Time resting spent in this place.
 E = Time spent auto-exploring this place.
 F = Levels seen in this place.
 G = Mean time per level.
                   A        B        C        D        E       F      G
               +--------+--------+--------+--------+--------+-----+--------+
         Total |  10393 |   9998 |    395 |     94 |   6429 |  17 |  611.4 |
       Dungeon |   9972 |   9589 |    383 |     94 |   6368 |  14 |  712.3 |
        Temple |     27 |     15 |     12 |      0 |     11 |   1 |   27.0 |
  Orcish Mines |    393 |    393 |      0 |      0 |     50 |   2 |  196.5 |
               +--------+--------+--------+--------+--------+-----+--------+

Top non-repeatable levels by time:
    D:10: 1059 daAuts
     D:6: 976 daAuts
    D:13: 967 daAuts
     D:4: 906 daAuts
     D:9: 842 daAuts
    D:11: 830 daAuts
     D:3: 797 daAuts
     D:2: 724 daAuts
     D:5: 670 daAuts
     D:1: 622 daAuts
    D:12: 570 daAuts
     D:8: 550 daAuts
     D:7: 401 daAuts
   Orc:1: 299 daAuts
   Orc:2: 94 daAuts
